Rocket vs Reign
Created - July 20, 2022 at 22:51
Goals
|
Rocket |
1 |
0 |
3 |
4 |
Reign |
1 |
2 |
0 |
3 |
|
Shots
|
Rocket |
7 |
12 |
13 |
32 |
Reign |
13 |
17 |
8 |
38 |
|
1st period
1. Reign , Christian Dvorak 1 (Jacob Josefson 3, Dylan Blujus 3) at 1:56
2. Rocket , Corey Trivino 6 (Mattias Tedenby 10, Brandon Pirri 5) at 14:04
Penalties :
A.J. Jenks (Ont) for Hooking (Minor) at 3:51
2nd period
3. Reign , Christian Dvorak 2 (Jacob Josefson 4) at 5:25
4. Reign , Matthew Tkachuk 1 (Christian Dvorak 4, Jack Dougherty 2) at 6:41
Penalties :
No Penalty
3rd period
5. Rocket , Danton Heinen 2 (Adrian Kempe 3, Peter Holland 5) at 0:30
6. Rocket , Mattias Tedenby 7 (Dean Kukan 2, Viktor Loov 4) at 4:02
7. Rocket , Adam Fox 2 (Adrian Kempe 4, Peter Holland 6) at 14:30
Penalties :
Thomas Chabot (Ont) for Hooking (Minor) at 0:48, Vince Hinostroza (Ont) for Hooking (Minor) at 19:07
Goalie Stats
Igor Shesterkin (Lav), 35 saves from 38 shots - (0.921), W, 7-2-0, 60:00 minutes
Ilya Samsonov (Ont), 28 saves from 32 shots - (0.875), L, 1-3-1, 59:39 minutes
Players Stats for Rocket
Player Name G A P +/- PIM S H SB GA TA FO MP PP MP PK MP
------------------------------------------------------------------------------------
Adam Fox 1 0 1 -1 0 2 1 1 1 1 0/0 23:24 3:09 0:00
Adrian Kempe 0 2 2 1 0 1 3 0 0 0 0/3 17:02 2:09 0:00
Andrei Mironov 0 0 0 -1 0 3 0 1 0 0 0/0 19:27 1:41 0:00
Andrey Pedan 0 0 0 -1 0 3 0 2 0 1 0/0 15:45 1:41 0:00
Brandon Pirri 0 1 1 2 0 2 2 1 1 1 2/4 21:58 2:41 0:00
Corey Trivino 1 0 1 2 0 4 1 1 0 0 23/41 21:58 2:41 0:00
Danton Heinen 1 0 1 1 0 1 2 0 0 0 0/1 17:02 2:09 0:00
Dean Kukan 0 1 1 3 0 0 0 0 0 0 0/0 20:51 0:00 0:00
Dominic Turgeon 0 0 0 -1 0 1 0 1 0 0 3/4 13:02 0:00 0:00
Dylan DeMelo 0 0 0 -1 0 1 0 0 0 2 0/0 14:25 0:00 0:00
Jakub Vrana 0 0 0 -1 0 0 1 0 0 1 0/0 7:58 0:00 0:00
Jiri Sekac 0 0 0 -1 0 1 1 0 0 0 0/0 13:02 0:00 0:00
Karson Kuhlman 0 0 0 -1 0 2 2 0 1 0 0/3 7:58 0:00 0:00
Kole Sherwood 0 0 0 -1 0 0 1 0 0 0 0/0 13:02 0:00 0:00
Mattias Tedenby 1 1 2 2 0 6 2 1 1 1 0/1 21:58 2:41 0:00
Peter Holland 0 2 2 1 0 3 2 0 1 0 4/7 17:02 2:09 0:00
Ty Rattie 0 0 0 -1 0 1 0 0 0 0 0/0 7:58 0:00 0:00
Viktor Loov 0 1 1 3 0 1 1 1 1 0 0/0 26:08 3:09 0:00
Players Stats for Reign
Player Name G A P +/- PIM S H SB GA TA FO MP PP MP PK MP
------------------------------------------------------------------------------------
A.J. Jenks 0 0 0 -3 2 1 2 0 0 1 1/1 17:03 0:00 0:42
Brendan Gaunce 0 0 0 -3 0 1 0 1 0 1 12/19 19:16 0:00 2:54
Brendan Guhle 0 0 0 0 0 0 1 2 0 0 0/0 13:34 0:00 0:00
Christian Dvorak 2 1 3 3 0 4 2 0 0 0 0/0 13:53 0:00 2:44
Dylan Blujus 0 1 1 -2 0 1 0 2 0 0 0/0 18:20 0:00 1:42
Jack Dougherty 0 1 1 0 0 1 0 0 0 0 0/0 14:21 0:00 0:45
Jack Roslovic 0 0 0 -1 0 6 2 0 2 1 11/24 18:18 0:00 1:50
Jacob Josefson 0 2 2 3 0 2 1 0 0 0 2/7 11:15 0:00 0:06
Jakob Chychrun 0 0 0 1 0 0 0 1 0 0 0/0 8:22 0:00 0:00
Joachim Blichfeld 0 0 0 0 0 2 0 0 1 0 0/1 11:22 0:00 0:11
Joel Eriksson Ek 0 0 0 0 0 3 1 0 0 0 4/8 11:11 0:00 0:00
Jordan Schmaltz 0 0 0 0 0 0 0 1 0 1 0/0 19:44 0:00 3:08
Josh Anderson 0 0 0 0 0 0 1 0 0 0 0/1 11:11 0:00 0:00
Logan Stanley 0 0 0 1 0 0 1 0 0 0 0/0 8:22 0:00 0:00
Matthew Tkachuk 1 0 1 3 0 5 4 0 0 0 0/0 11:09 0:00 0:00
Nikita Tryamkin 0 0 0 0 0 1 0 8 1 1 0/0 19:44 0:00 3:08
Thomas Chabot 0 0 0 -2 2 2 0 1 0 0 0/0 17:34 0:00 0:57
Timo Meier 0 0 0 -1 0 1 1 1 0 0 0/0 17:41 0:00 1:13
Tyler Pitlick 0 0 0 -3 0 3 3 0 1 0 1/1 16:20 0:00 0:00
Vince Hinostroza 0 0 0 -1 2 5 1 0 2 1 1/2 16:27 0:00 0:00
3 Stars
1 - Christian Dvorak (Ont)
2 - Mattias Tedenby (Lav)
3 - Matthew Tkachuk (Ont)
Power Play
Rocket - 0 on 3 Attempt(s) - 0.00%
Reign - 0 on 0 Attempt(s) - 0.00%
Penalty Kill
Rocket - 0 on 0 Attempt(s) - 0.00%
- Score 0 goal in Penalty Kill
Reign - 3 on 3 Attempt(s) - 100.00%
- Score 0 goal in Penalty Kill
Team Stat
Rocket - Hits : 19 - Faceoff Wins : 32 - Blocked Shots : 9 - Penalty Minutes : 0
Reign - Hits : 20 - Faceoff Wins : 32 - Blocked Shots : 17 - Penalty Minutes : 6
Official
Referees : TJ Luxmore and Francis Charron
Linesman : Ryan Daisy and James Tobias
Game Notes
No Game Note
Finance
Level 1 -- Attendance: 2000 (100.00%) -- Ticket Income $70,000
Level 2 -- Attendance: 1000 (100.00%) -- Ticket Income $15,000
Total Attendance: 3000 (100.00%)
Total Ticket Income: $85,000
Other Income: $4,250
Total Income: $89,250
Rocket
5 vs 5 Forward
Center Left Wing Right Wing Time % Phy DF OF
1 Corey Trivino Brandon Pirri Mattias Tedenby 40 0 1 4
2 Peter Holland Adrian Kempe Danton Heinen 30 0 1 4
3 Dominic Turgeon Jiri Sekac Kole Sherwood 20 0 3 2
4 Karson Kuhlman Jakub Vrana Ty Rattie 10 1 2 2
5 vs 5 Defense
Defense Defense Time % Phy DF OF
1 Viktor Loov Dean Kukan 40 1 2 2
2 Adam Fox Andrei Mironov 30 1 2 2
3 Dylan DeMelo Andrey Pedan 20 1 2 2
4 Viktor Loov Adam Fox 10 1 2 2
PowerPlay Forward
Center Left Wing Right Wing Time % Phy DF OF
1 Corey Trivino Brandon Pirri Mattias Tedenby 60 0 1 4
2 Peter Holland Adrian Kempe Danton Heinen 40 0 1 4
PowerPlay Defense
Defense Defense Time % Phy DF OF
1 Viktor Loov Adam Fox 60 0 1 4
2 Andrey Pedan Andrei Mironov 40 0 1 4
Penalty Kill 4 Players Forward
Center Wing Time % Phy DF OF
1 Dominic Turgeon Jiri Sekac 60 0 4 1
2 Karson Kuhlman Ty Rattie 40 0 4 1
Penalty Kill 4 Players Defense
Defense Defense Time % Phy DF OF
1 Dylan DeMelo Dean Kukan 60 0 5 0
2 Andrey Pedan Andrei Mironov 40 0 5 0
Penalty Kill - 3 Players Forward
Forward Time % Phy DF OF
1 Dominic Turgeon 60 0 5 0
2 Corey Trivino 40 0 5 0
Penalty Kill - 3 Players Defense
Defense Defense Time % Phy DF OF
1 Andrei Mironov Andrey Pedan 60 0 5 0
2 Dylan DeMelo Viktor Loov 40 0 5 0
4 vs 4 Forward
Center Wing Time % Phy DF OF
1 Mattias Tedenby Corey Trivino 60 0 2 3
2 Brandon Pirri Adrian Kempe 40 0 2 3
4 vs 4 Defense
Defense Defense Time % Phy DF OF
1 Viktor Loov Adam Fox 60 0 2 3
2 Andrey Pedan Dylan DeMelo 40 0 2 3
Last Minutes Offensive
Center Left Wing Right Wing Defense Defense
Corey Trivino Brandon Pirri Mattias Tedenby Viktor Loov Adam Fox
Last Minutes Defensive
Center Left Wing Right Wing Defense Defense
Corey Trivino Brandon Pirri Mattias Tedenby Andrei Mironov Dean Kukan
Goaltenders
Starting : Igor Shesterkin
Backup : Sami Aittokallio
Extra Forwards
Normal : Danton Heinen, Adrian Kempe, Mattias Tedenby - PP : Mattias Tedenby, Danton Heinen - PK : Dominic Turgeon
Extra Defensemen
Normal : Viktor Loov, Adam Fox, Andrey Pedan - PP : Adam Fox - PK : Dylan DeMelo, Andrey Pedan
Penalty Shots
Mattias Tedenby, Corey Trivino, Brandon Pirri, Adrian Kempe, Danton Heinen
Scratches
Branden Troock (Healthy), Daniel Sprong (Healthy), Guillaume Brisebois (Healthy), Jack Glover (Healthy), Luca Sbisa (Healthy)
Mason Appleton (Healthy), Ryan Collins (Healthy), Sergey Tolchinsky (Healthy), Tyler Lewington (Healthy), Luke Kunin (Healthy)
Mikhail Maltsev (Healthy)
Reign
5 vs 5 Forward
Center Left Wing Right Wing Time % Phy DF OF
1 Brendan Gaunce A.J. Jenks Tyler Pitlick 30 1 1 3
2 Jack Roslovic Timo Meier Vince Hinostroza 30 1 2 2
3 Jacob Josefson Christian Dvorak Matthew Tkachuk 20 1 2 2
4 Joel Eriksson Ek Joachim Blichfeld Josh Anderson 20 1 2 2
5 vs 5 Defense
Defense Defense Time % Phy DF OF
1 Jordan Schmaltz Nikita Tryamkin 30 1 3 1
2 Dylan Blujus Thomas Chabot 30 1 2 2
3 Brendan Guhle Jack Dougherty 25 1 2 2
4 Jakob Chychrun Logan Stanley 15 1 2 2
PowerPlay Forward
Center Left Wing Right Wing Time % Phy DF OF
1 Brendan Gaunce Timo Meier Tyler Pitlick 60 1 2 2
2 Jack Roslovic Christian Dvorak Vince Hinostroza 40 1 2 2
PowerPlay Defense
Defense Defense Time % Phy DF OF
1 Jordan Schmaltz Nikita Tryamkin 60 1 2 2
2 Dylan Blujus Thomas Chabot 40 1 2 2
Penalty Kill 4 Players Forward
Center Wing Time % Phy DF OF
1 Brendan Gaunce Christian Dvorak 60 1 2 2
2 Jack Roslovic Timo Meier 40 1 2 2
Penalty Kill 4 Players Defense
Defense Defense Time % Phy DF OF
1 Jordan Schmaltz Nikita Tryamkin 60 1 2 2
2 Dylan Blujus Thomas Chabot 40 1 2 2
Penalty Kill - 3 Players Forward
Forward Time % Phy DF OF
1 Brendan Gaunce 60 2 3 0
2 Jack Roslovic 40 2 3 0
Penalty Kill - 3 Players Defense
Defense Defense Time % Phy DF OF
1 Jordan Schmaltz Nikita Tryamkin 60 3 2 0
2 Dylan Blujus Thomas Chabot 40 3 2 0
4 vs 4 Forward
Center Wing Time % Phy DF OF
1 Brendan Gaunce Timo Meier 60 1 2 2
2 Jack Roslovic Christian Dvorak 40 1 2 2
4 vs 4 Defense
Defense Defense Time % Phy DF OF
1 Jordan Schmaltz Nikita Tryamkin 60 1 2 2
2 Dylan Blujus Thomas Chabot 40 1 2 2
Last Minutes Offensive
Center Left Wing Right Wing Defense Defense
Brendan Gaunce Christian Dvorak Tyler Pitlick Jordan Schmaltz Nikita Tryamkin
Last Minutes Defensive
Center Left Wing Right Wing Defense Defense
Brendan Gaunce Christian Dvorak Tyler Pitlick Jordan Schmaltz Nikita Tryamkin
Goaltenders
Starting : Ilya Samsonov
Backup : Jean-Francois Berube
Extra Forwards
Normal : Brendan Gaunce, A.J. Jenks, Jack Roslovic - PP : Brendan Gaunce, A.J. Jenks - PK : Brendan Gaunce
Extra Defensemen
Normal : Jack Dougherty, Jakob Chychrun, Logan Stanley - PP : Jack Dougherty - PK : Jack Dougherty, Jakob Chychrun
Penalty Shots
Christian Dvorak, Tyler Pitlick, Timo Meier, Vince Hinostroza, Brendan Gaunce
Scratches
Adam Ollas-Mattsson (Healthy), Blake Lizotte (Healthy), Bokondji Imama (Healthy), Joel Vermin (Healthy), Nikita Gusev (Healthy)
Shane Prince (Healthy), Trevor Moore (Healthy), Blake Hillman (Healthy), Michael Pezzetta (Healthy), Austin Czarnik (Healthy)
Cal Petersen (Healthy), Jordan Binnington (Healthy)
% Time on Ice - Rocket
Lines # - Real PCT - Wanted PCT - Time Play
Normal Forward
1 - 34% - 40% - 18:54
2 - 27% - 30% - 14:53
3 - 24% - 20% - 13:02
4 - 15% - 10% - 7:58
Normal Defense
1 - 37% - 40% - 20:18
2 - 32% - 30% - 17:30
3 - 26% - 20% - 14:25
4 - 5% - 10% - 2:34
PP Forward
1 - 56% - 60% - 2:41
2 - 44% - 40% - 2:09
PP Defense
1 - 65% - 60% - 3:09
2 - 35% - 40% - 1:41
PK Forward
1 - 0% - 60%
2 - 0% - 40%
PK Defense
1 - 0% - 60%
2 - 0% - 40%
PK3 Forward
1 - 0% - 60%
2 - 0% - 40%
PK3 Defense
1 - 0% - 60%
2 - 0% - 40%
44 Forward
1 - 0% - 60%
2 - 0% - 40%
44 Defense
1 - 0% - 60%
2 - 0% - 40%
Last Minute Offensive - 0:00
Last Minute Defensive - 0:23
Total
Forward - 60:00
Defense - 60:00
|
% Time on Ice - Reign
Lines # - Real PCT - Wanted PCT - Time Play
Normal Forward
1 - 30% - 30% - 16:22
2 - 30% - 30% - 16:28
3 - 20% - 20% - 11:09
4 - 20% - 20% - 11:11
Normal Defense
1 - 30% - 30% - 16:36
2 - 30% - 30% - 16:38
3 - 25% - 25% - 13:34
4 - 15% - 15% - 8:22
PP Forward
1 - 0% - 60%
2 - 0% - 40%
PP Defense
1 - 0% - 60%
2 - 0% - 40%
PK Forward
1 - 84% - 60% - 4:03
2 - 16% - 40% - 0:47
PK Defense
1 - 65% - 60% - 3:08
2 - 35% - 40% - 1:42
PK3 Forward
1 - 0% - 60%
2 - 0% - 40%
PK3 Defense
1 - 0% - 60%
2 - 0% - 40%
44 Forward
1 - 0% - 60%
2 - 0% - 40%
44 Defense
1 - 0% - 60%
2 - 0% - 40%
Last Minute Offensive - 0:00
Last Minute Defensive - 0:00
Total
Forward - 60:00
Defense - 60:00
|
Play-by-Play
1st period
0:01 of 1st period - Corey Trivino wins face-off versus Brendan Gaunce in neutral zone.
0:08 of 1st period - Wrist shot by Mattias Tedenby.
0:08 of 1st period - Shot Misses the Net.
0:10 of 1st period - Wrist shot by Corey Trivino.
0:10 of 1st period - Shot Misses the Net.
0:12 of 1st period - Wrist shot by Dean Kukan.
0:12 of 1st period - Shot Blocked by Nikita Tryamkin.
0:14 of 1st period - Slapshot by Corey Trivino.
0:14 of 1st period - Shot Blocked by Nikita Tryamkin.
0:16 of 1st period - Wrist shot by Corey Trivino.
0:16 of 1st period - Shot Misses the Net.
0:39 of 1st period - Wrist shot by Timo Meier.
0:39 of 1st period - Deflect By Adrian Kempe.
0:39 of 1st period - Shot Misses the Net.
0:39 of 1st period - Puck is out of play.
0:40 of 1st period - Dominic Turgeon wins face-off versus Jacob Josefson in Rocket zone.
0:49 of 1st period - Wrist shot by Jiri Sekac.
0:49 of 1st period - Shot Blocked by Thomas Chabot.
1:05 of 1st period - Dominic Turgeon is hit by Christian Dvorak and loses puck.
1:41 of 1st period - Andrey Pedan is hit by Christian Dvorak and loses puck.
1:46 of 1st period - Snap shot by Jacob Josefson.
1:46 of 1st period - Shot Misses the Net.
1:48 of 1st period - Slapshot by Thomas Chabot.
1:48 of 1st period - Stopped by Igor Shesterkin with a rebound.
1:54 of 1st period - Wrist shot by Jacob Josefson.
1:54 of 1st period - Shot Misses the Net.
1:56 of 1st period - Backhand shot by Christian Dvorak.
1:56 of 1st period - Goal by Christian Dvorak - Rocket : 0 - Reign : 1.
1:57 of 1st period - Corey Trivino wins face-off versus Joachim Blichfeld in neutral zone.
2:06 of 1st period - Wrist shot by Corey Trivino.
2:06 of 1st period - Stopped by Ilya Samsonov with a rebound.
2:08 of 1st period - Snap shot by Corey Trivino.
2:08 of 1st period - Shot Blocked by Brendan Guhle.
2:12 of 1st period - Snap shot by Mattias Tedenby.
2:12 of 1st period - Stopped by Ilya Samsonov with a rebound.
3:29 of 1st period - Slapshot by Tyler Pitlick.
3:29 of 1st period - Deflect By Brendan Gaunce.
3:29 of 1st period - Shot Misses the Net.
3:29 of 1st period - Puck is out of play.
3:30 of 1st period - Brendan Gaunce wins face-off versus Brandon Pirri in Rocket zone.
3:41 of 1st period - Snap shot by Corey Trivino.
3:41 of 1st period - Shot Misses the Net.
3:43 of 1st period - Snap shot by Brandon Pirri.
3:43 of 1st period - Shot Misses the Net.
3:51 of 1st period - Minor Penalty to A.J. Jenks for Hooking.
3:52 of 1st period - Brendan Gaunce wins face-off versus Corey Trivino in Reign zone.
5:51 of 1st period - Penalty to A.J. Jenks is over, A.J. Jenks is back on ice.
5:59 of 1st period - Karson Kuhlman is hit by Josh Anderson.
6:05 of 1st period - Joachim Blichfeld is hit by Karson Kuhlman and loses puck.
6:32 of 1st period - Dean Kukan is hit by Tyler Pitlick and loses puck.
7:03 of 1st period - Adrian Kempe is hit by Matthew Tkachuk and loses puck.
7:24 of 1st period - Andrei Mironov is hit by Tyler Pitlick.
7:51 of 1st period - Slapshot by Andrei Mironov.
7:51 of 1st period - Stopped by Ilya Samsonov with a rebound.
7:53 of 1st period - Wrist shot by Brandon Pirri.
7:53 of 1st period - Shot Misses the Net.
8:00 of 1st period - Icing by Timo Meier.
8:01 of 1st period - Jack Roslovic wins face-off versus Karson Kuhlman in Reign zone.
8:07 of 1st period - Icing by Christian Dvorak.
8:08 of 1st period - Corey Trivino wins face-off versus Jacob Josefson in Reign zone.
8:22 of 1st period - Backhand shot by Christian Dvorak.
8:22 of 1st period - Stopped by Igor Shesterkin without a rebound.
8:23 of 1st period - Jack Roslovic wins face-off versus Adrian Kempe in Rocket zone.
8:34 of 1st period - Snap shot by Jack Roslovic.
8:34 of 1st period - Stopped by Igor Shesterkin without a rebound.
8:35 of 1st period - Corey Trivino wins face-off versus Jack Roslovic in Rocket zone.
9:30 of 1st period - Christian Dvorak is hit by Viktor Loov and loses puck.
9:59 of 1st period - Snap shot by Corey Trivino.
9:59 of 1st period - Shot Misses the Net.
10:01 of 1st period - Snap shot by Dean Kukan.
10:01 of 1st period - Shot Blocked by Nikita Tryamkin.
10:03 of 1st period - Slapshot by Dean Kukan.
10:03 of 1st period - Shot Blocked by Jordan Schmaltz.
10:20 of 1st period - Wrist shot by Dominic Turgeon.
10:20 of 1st period - Stopped by Ilya Samsonov with a rebound.
10:22 of 1st period - Slapshot by Dylan DeMelo.
10:22 of 1st period - Stopped by Ilya Samsonov with a rebound.
11:00 of 1st period - Jordan Schmaltz is hit by Mattias Tedenby and loses puck.
12:08 of 1st period - Off-side.
12:09 of 1st period - Jack Roslovic wins face-off versus Dominic Turgeon in neutral zone.
12:12 of 1st period - Dominic Turgeon is hit by Timo Meier and loses puck.
12:36 of 1st period - Vince Hinostroza is hit by Kole Sherwood and loses puck.
12:40 of 1st period - Icing by Timo Meier.
12:41 of 1st period - Jack Roslovic wins face-off versus Corey Trivino in Reign zone.
12:53 of 1st period - Brendan Guhle is hit by Mattias Tedenby and loses puck.
13:06 of 1st period - Vince Hinostroza is hit by Danton Heinen and loses puck.
13:29 of 1st period - Wrist shot by Timo Meier.
13:29 of 1st period - Shot Misses the Net.
13:39 of 1st period - Wrist shot by Jack Roslovic.
13:39 of 1st period - Shot Misses the Net.
13:47 of 1st period - Wrist shot by Jack Roslovic.
13:47 of 1st period - Stopped by Igor Shesterkin with a rebound.
13:49 of 1st period - Snap shot by Vince Hinostroza.
13:49 of 1st period - Stopped by Igor Shesterkin without a rebound.
13:50 of 1st period - Brendan Gaunce wins face-off versus Corey Trivino in Rocket zone.
13:59 of 1st period - Dylan Blujus is hit by Brandon Pirri and loses puck.
14:04 of 1st period - Slapshot by Mattias Tedenby.
14:04 of 1st period - Deflect By Corey Trivino.
14:04 of 1st period - Goal by Corey Trivino - Rocket : 1 - Reign : 1.
14:05 of 1st period - Brendan Gaunce wins face-off versus Corey Trivino in neutral zone.
14:39 of 1st period - Wrist shot by Joel Eriksson Ek.
14:39 of 1st period - Stopped by Igor Shesterkin without a rebound.
14:40 of 1st period - Corey Trivino wins face-off versus Josh Anderson in Rocket zone.
14:44 of 1st period - Off-side.
14:45 of 1st period - Joel Eriksson Ek wins face-off versus Corey Trivino in neutral zone.
14:50 of 1st period - Snap shot by Joachim Blichfeld.
14:50 of 1st period - Shot Blocked by Andrey Pedan.
14:54 of 1st period - Snap shot by Joachim Blichfeld.
14:54 of 1st period - Deflect By Joel Eriksson Ek.
14:54 of 1st period - Stopped by Igor Shesterkin with a rebound.
15:07 of 1st period - Icing by Corey Trivino.
15:08 of 1st period - Peter Holland wins face-off versus Brendan Gaunce in Rocket zone.
15:15 of 1st period - Wrist shot by Danton Heinen.
15:15 of 1st period - Shot Misses the Net.
16:04 of 1st period - Snap shot by Tyler Pitlick.
16:04 of 1st period - Stopped by Igor Shesterkin without a rebound.
16:05 of 1st period - Corey Trivino wins face-off versus Jack Roslovic in Rocket zone.
16:18 of 1st period - Snap shot by Jack Roslovic.
16:18 of 1st period - Shot Blocked by Mattias Tedenby.
16:20 of 1st period - Wrist shot by Vince Hinostroza.
16:20 of 1st period - Stopped by Igor Shesterkin without a rebound.
16:21 of 1st period - Corey Trivino wins face-off versus Joel Eriksson Ek in Rocket zone.
16:31 of 1st period - Snap shot by Joachim Blichfeld.
16:31 of 1st period - Deflect By Joel Eriksson Ek.
16:31 of 1st period - Stopped by Igor Shesterkin with a rebound.
16:33 of 1st period - Slapshot by Jordan Schmaltz.
16:33 of 1st period - Shot Misses the Net.
16:47 of 1st period - Snap shot by Jacob Josefson.
16:47 of 1st period - Stopped by Igor Shesterkin with a rebound.
17:12 of 1st period - Ty Rattie is hit by Jack Roslovic and loses puck.
17:40 of 1st period - Wrist shot by Adam Fox.
17:40 of 1st period - Shot Blocked by Dylan Blujus.
18:05 of 1st period - Slapshot by Adam Fox.
18:05 of 1st period - Stopped by Ilya Samsonov with a rebound.
18:17 of 1st period - Snap shot by Matthew Tkachuk.
18:17 of 1st period - Stopped by Igor Shesterkin without a rebound.
18:18 of 1st period - Dominic Turgeon wins face-off versus Jacob Josefson in Rocket zone.
18:29 of 1st period - Wrist shot by Jiri Sekac.
18:29 of 1st period - Shot Blocked by Brendan Guhle.
18:41 of 1st period - Dylan DeMelo is hit by Brendan Guhle.
18:51 of 1st period - Slapshot by Dylan DeMelo.
18:51 of 1st period - Shot Blocked by Timo Meier.
18:53 of 1st period - Slapshot by Dominic Turgeon.
18:53 of 1st period - Deflect By Jiri Sekac.
18:53 of 1st period - Shot Misses the Net.
18:53 of 1st period - Puck is out of play.
18:54 of 1st period - Brendan Gaunce wins face-off versus Corey Trivino in Reign zone.
19:27 of 1st period - Slapshot by Adam Fox.
19:27 of 1st period - Deflect By Mattias Tedenby.
19:27 of 1st period - Shot Misses the Net.
19:27 of 1st period - Puck is out of play.
19:28 of 1st period - Jack Roslovic wins face-off versus Adrian Kempe in Reign zone.
19:35 of 1st period - Wrist shot by Adrian Kempe.
19:35 of 1st period - Shot Misses the Net.
19:55 of 1st period - Adam Fox is hit by A.J. Jenks and loses puck.
Goals for this period are 1 for Rocket vs 1 for Reign.
Shots for this period are 7 for Rocket vs 13 for Reign.
2nd period
0:01 of 2nd period - Brendan Gaunce wins face-off versus Corey Trivino in neutral zone.
0:10 of 2nd period - Slapshot by Mattias Tedenby.
0:10 of 2nd period - Deflect By Thomas Chabot.
0:10 of 2nd period - Shot Hit the Post.
0:10 of 2nd period - Puck is out of play.
0:11 of 2nd period - Corey Trivino wins face-off versus Jack Roslovic in Reign zone.
0:16 of 2nd period - Wrist shot by Brandon Pirri.
0:16 of 2nd period - Stopped by Ilya Samsonov without a rebound.
0:17 of 2nd period - Corey Trivino wins face-off versus Jack Roslovic in Reign zone.
1:02 of 2nd period - Dominic Turgeon is hit by Tyler Pitlick and loses puck.
1:23 of 2nd period - Dylan Blujus is hit by Jiri Sekac and loses puck.
1:32 of 2nd period - Snap shot by Jiri Sekac.
1:32 of 2nd period - Shot Misses the Net.
1:34 of 2nd period - Backhand shot by Andrei Mironov.
1:34 of 2nd period - Shot Blocked by Dylan Blujus.
1:36 of 2nd period - Snap shot by Dominic Turgeon.
1:36 of 2nd period - Shot Misses the Net.
1:38 of 2nd period - Wrist shot by Jiri Sekac.
1:38 of 2nd period - Stopped by Ilya Samsonov without a rebound.
1:39 of 2nd period - Corey Trivino wins face-off versus Joel Eriksson Ek in Reign zone.
1:44 of 2nd period - Wrist shot by Corey Trivino.
1:44 of 2nd period - Deflect By Jordan Schmaltz.
1:44 of 2nd period - Stopped by Ilya Samsonov with a rebound.
1:46 of 2nd period - Wrist shot by Corey Trivino.
1:46 of 2nd period - Stopped by Ilya Samsonov with a rebound.
1:48 of 2nd period - Snap shot by Mattias Tedenby.
1:48 of 2nd period - Stopped by Ilya Samsonov with a rebound.
1:50 of 2nd period - Wrist shot by Brandon Pirri.
1:50 of 2nd period - Shot Blocked by Nikita Tryamkin.
1:52 of 2nd period - Slapshot by Dean Kukan.
1:52 of 2nd period - Shot Misses the Net.
1:54 of 2nd period - Slapshot by Corey Trivino.
1:54 of 2nd period - Deflect By Mattias Tedenby.
1:54 of 2nd period - Shot Blocked by Nikita Tryamkin.
1:54 of 2nd period - Puck is out of play.
1:55 of 2nd period - Peter Holland wins face-off versus Jack Roslovic in Reign zone.
2:10 of 2nd period - Snap shot by Jack Roslovic.
2:10 of 2nd period - Stopped by Igor Shesterkin with a rebound.
2:31 of 2nd period - Slapshot by Viktor Loov.
2:31 of 2nd period - Shot Misses the Net.
2:53 of 2nd period - Wrist shot by Christian Dvorak.
2:53 of 2nd period - Shot Misses the Net.
3:11 of 2nd period - Wrist shot by A.J. Jenks.
3:11 of 2nd period - Stopped by Igor Shesterkin without a rebound.
3:12 of 2nd period - Corey Trivino wins face-off versus Jack Roslovic in Rocket zone.
3:44 of 2nd period - Brendan Guhle is hit by Peter Holland and loses puck.
4:01 of 2nd period - Slapshot by Dylan DeMelo.
4:01 of 2nd period - Shot Misses the Net.
4:04 of 2nd period - Icing by Nikita Tryamkin.
4:05 of 2nd period - Joel Eriksson Ek wins face-off versus Corey Trivino in Reign zone.
4:36 of 2nd period - Slapshot by Vince Hinostroza.
4:36 of 2nd period - Stopped by Igor Shesterkin without a rebound.
4:37 of 2nd period - Corey Trivino wins face-off versus Jacob Josefson in Rocket zone.
4:44 of 2nd period - Wrist shot by Mattias Tedenby.
4:44 of 2nd period - Stopped by Ilya Samsonov without a rebound.
4:45 of 2nd period - Corey Trivino wins face-off versus Jacob Josefson in Reign zone.
4:46 of 2nd period - Wrist shot by Mattias Tedenby.
4:46 of 2nd period - Shot Misses the Net.
4:48 of 2nd period - Snap shot by Mattias Tedenby.
4:48 of 2nd period - Shot Misses the Net.
4:50 of 2nd period - Slapshot by Andrey Pedan.
4:50 of 2nd period - Shot Misses the Net.
4:52 of 2nd period - Snap shot by Corey Trivino.
4:52 of 2nd period - Deflect By Mattias Tedenby.
4:52 of 2nd period - Shot Blocked by Jakob Chychrun.
4:52 of 2nd period - Puck is out of play.
4:53 of 2nd period - Vince Hinostroza wins face-off versus Corey Trivino in Reign zone.
5:23 of 2nd period - Snap shot by Jacob Josefson.
5:23 of 2nd period - Shot Misses the Net.
5:25 of 2nd period - Snap shot by Christian Dvorak.
5:25 of 2nd period - Goal by Christian Dvorak - Rocket : 1 - Reign : 2.
5:26 of 2nd period - Corey Trivino wins face-off versus Brendan Gaunce in neutral zone.
6:37 of 2nd period - Wrist shot by Christian Dvorak.
6:37 of 2nd period - Stopped by Igor Shesterkin with a rebound.
6:41 of 2nd period - Wrist shot by Matthew Tkachuk.
6:41 of 2nd period - Goal by Matthew Tkachuk - Rocket : 1 - Reign : 3.
6:42 of 2nd period - Brendan Gaunce wins face-off versus Corey Trivino in neutral zone.
6:51 of 2nd period - Wrist shot by Tyler Pitlick.
6:51 of 2nd period - Deflect By Brendan Gaunce.
6:51 of 2nd period - Shot Misses the Net.
6:51 of 2nd period - Puck is out of play.
6:52 of 2nd period - Corey Trivino wins face-off versus Brendan Gaunce in Rocket zone.
7:50 of 2nd period - Off-side.
7:51 of 2nd period - Jack Roslovic wins face-off versus Peter Holland in neutral zone.
7:54 of 2nd period - Slapshot by Thomas Chabot.
7:54 of 2nd period - Shot Blocked by Andrei Mironov.
8:06 of 2nd period - Snap shot by Danton Heinen.
8:06 of 2nd period - Shot Misses the Net.
8:23 of 2nd period - Dominic Turgeon is hit by Jacob Josefson and loses puck.
9:23 of 2nd period - Dominic Turgeon is hit by Matthew Tkachuk and loses puck.
9:36 of 2nd period - Snap shot by Brandon Pirri.
9:36 of 2nd period - Stopped by Ilya Samsonov without a rebound.
9:37 of 2nd period - Brandon Pirri wins face-off versus Joel Eriksson Ek in Reign zone.
9:42 of 2nd period - Snap shot by Mattias Tedenby.
9:42 of 2nd period - Shot Misses the Net.
10:11 of 2nd period - Slapshot by Tyler Pitlick.
10:11 of 2nd period - Stopped by Igor Shesterkin with a rebound.
10:53 of 2nd period - Wrist shot by Joel Eriksson Ek.
10:53 of 2nd period - Shot Misses the Net.
11:25 of 2nd period - Brendan Gaunce is hit by Adrian Kempe and loses puck.
11:32 of 2nd period - Slapshot by Jack Dougherty.
11:32 of 2nd period - Stopped by Igor Shesterkin without a rebound.
11:33 of 2nd period - Brandon Pirri wins face-off versus Jack Roslovic in Rocket zone.
11:46 of 2nd period - Snap shot by Jack Roslovic.
11:46 of 2nd period - Stopped by Igor Shesterkin with a rebound.
11:58 of 2nd period - Wrist shot by Jacob Josefson.
11:58 of 2nd period - Stopped by Igor Shesterkin with a rebound.
12:00 of 2nd period - Snap shot by Brendan Guhle.
12:00 of 2nd period - Shot Misses the Net.
13:08 of 2nd period - Icing by Vince Hinostroza.
13:09 of 2nd period - Peter Holland wins face-off versus Jack Roslovic in Reign zone.
13:20 of 2nd period - Jack Roslovic is hit by Danton Heinen and loses puck.
13:35 of 2nd period - Jack Roslovic is hit by Karson Kuhlman and loses puck.
13:40 of 2nd period - Snap shot by Adam Fox.
13:40 of 2nd period - Shot Misses the Net.
13:48 of 2nd period - Snap shot by Jack Roslovic.
13:48 of 2nd period - Stopped by Igor Shesterkin without a rebound.
13:49 of 2nd period - Brendan Gaunce wins face-off versus Corey Trivino in Rocket zone.
13:50 of 2nd period - Slapshot by Thomas Chabot.
13:50 of 2nd period - Shot Misses the Net.
14:00 of 2nd period - Slapshot by Thomas Chabot.
14:00 of 2nd period - Deflect By Tyler Pitlick.
14:00 of 2nd period - Stopped by Igor Shesterkin without a rebound.
14:01 of 2nd period - Brendan Gaunce wins face-off versus Corey Trivino in Rocket zone.
14:33 of 2nd period - Wrist shot by Matthew Tkachuk.
14:33 of 2nd period - Stopped by Igor Shesterkin with a rebound.
14:35 of 2nd period - Slapshot by Christian Dvorak.
14:35 of 2nd period - Shot Misses the Net.
14:56 of 2nd period - Adam Fox is hit by Jack Roslovic and loses puck.
15:13 of 2nd period - Adam Fox is hit by Joel Eriksson Ek and loses puck.
15:36 of 2nd period - Slapshot by Mattias Tedenby.
15:36 of 2nd period - Stopped by Ilya Samsonov with a rebound.
15:56 of 2nd period - Snap shot by Adrian Kempe.
15:56 of 2nd period - Stopped by Ilya Samsonov with a rebound.
16:39 of 2nd period - Snap shot by Mattias Tedenby.
16:39 of 2nd period - Stopped by Ilya Samsonov with a rebound.
17:15 of 2nd period - Peter Holland is hit by Matthew Tkachuk.
17:19 of 2nd period - Matthew Tkachuk is hit by Adrian Kempe.
17:32 of 2nd period - Off-side.
17:33 of 2nd period - Dominic Turgeon wins face-off versus Vince Hinostroza in neutral zone.
17:46 of 2nd period - Snap shot by Vince Hinostroza.
17:46 of 2nd period - Stopped by Igor Shesterkin with a rebound.
18:01 of 2nd period - Off-side.
18:02 of 2nd period - Corey Trivino wins face-off versus Brendan Gaunce in neutral zone.
18:05 of 2nd period - Slapshot by Andrey Pedan.
18:05 of 2nd period - Stopped by Ilya Samsonov with a rebound.
18:31 of 2nd period - Wrist shot by Joachim Blichfeld.
18:31 of 2nd period - Stopped by Igor Shesterkin with a rebound.
18:37 of 2nd period - Wrist shot by Joachim Blichfeld.
18:37 of 2nd period - Stopped by Igor Shesterkin with a rebound.
18:58 of 2nd period - Slapshot by Vince Hinostroza.
18:58 of 2nd period - Shot Blocked by Dominic Turgeon.
19:22 of 2nd period - Snap shot by Jacob Josefson.
19:22 of 2nd period - Shot Blocked by Adam Fox.
19:24 of 2nd period - Snap shot by Matthew Tkachuk.
19:24 of 2nd period - Stopped by Igor Shesterkin with a rebound.
19:42 of 2nd period - Backhand shot by Adam Fox.
19:42 of 2nd period - Shot Misses the Net.
19:44 of 2nd period - Slapshot by Viktor Loov.
19:44 of 2nd period - Stopped by Ilya Samsonov without a rebound.
19:45 of 2nd period - Joel Eriksson Ek wins face-off versus Peter Holland in Reign zone.
19:45 of 2nd period - Joel Eriksson Ek is hit by Adrian Kempe.
Goals for this period are 0 for Rocket vs 2 for Reign.
Shots for this period are 12 for Rocket vs 17 for Reign.
3rd period
0:01 of 3rd period - Jack Roslovic wins face-off versus Corey Trivino in neutral zone.
0:08 of 3rd period - Wrist shot by Jack Roslovic.
0:08 of 3rd period - Shot Misses the Net.
0:10 of 3rd period - Snap shot by Jack Roslovic.
0:10 of 3rd period - Stopped by Igor Shesterkin with a rebound.
0:12 of 3rd period - Snap shot by Jack Roslovic.
0:12 of 3rd period - Shot Blocked by Brandon Pirri.
0:14 of 3rd period - Wrist shot by Vince Hinostroza.
0:14 of 3rd period - Deflect By Dean Kukan.
0:14 of 3rd period - Shot Blocked by Corey Trivino.
0:14 of 3rd period - Puck is out of play.
0:15 of 3rd period - A.J. Jenks wins face-off versus Adrian Kempe in Rocket zone.
0:24 of 3rd period - Snap shot by Peter Holland.
0:24 of 3rd period - Stopped by Ilya Samsonov with a rebound.
0:30 of 3rd period - Snap shot by Danton Heinen.
0:30 of 3rd period - Goal by Danton Heinen - Rocket : 2 - Reign : 3.
0:31 of 3rd period - Corey Trivino wins face-off versus Jack Roslovic in neutral zone.
0:35 of 3rd period - Icing by Dylan Blujus.
0:36 of 3rd period - Corey Trivino wins face-off versus Jack Roslovic in Reign zone.
0:48 of 3rd period - Minor Penalty to Thomas Chabot for Hooking.
0:49 of 3rd period - Corey Trivino wins face-off versus Brendan Gaunce in Reign zone.
1:18 of 3rd period - Wrist shot by Danton Heinen.
1:18 of 3rd period - Shot Misses the Net.
1:20 of 3rd period - Slapshot by Andrei Mironov.
1:20 of 3rd period - Deflect By Brendan Gaunce.
1:20 of 3rd period - Stopped by Ilya Samsonov with a rebound.
1:22 of 3rd period - Slapshot by Andrei Mironov.
1:22 of 3rd period - Stopped by Ilya Samsonov without a rebound.
1:23 of 3rd period - Corey Trivino wins face-off versus Brendan Gaunce in Reign zone.
1:32 of 3rd period - Snap shot by Corey Trivino.
1:32 of 3rd period - Shot Blocked by Brendan Gaunce.
1:54 of 3rd period - Peter Holland is hit by A.J. Jenks and loses puck.
2:48 of 3rd period - Penalty to Thomas Chabot is over, Thomas Chabot is back on ice.
3:21 of 3rd period - Wrist shot by Ty Rattie.
3:21 of 3rd period - Deflect By Karson Kuhlman.
3:21 of 3rd period - Stopped by Ilya Samsonov without a rebound.
3:22 of 3rd period - Joel Eriksson Ek wins face-off versus Karson Kuhlman in Reign zone.
3:37 of 3rd period - Snap shot by Josh Anderson.
3:37 of 3rd period - Shot Blocked by Andrey Pedan.
3:47 of 3rd period - Corey Trivino is hit by Vince Hinostroza.
3:50 of 3rd period - Off-side.
3:51 of 3rd period - Jack Roslovic wins face-off versus Corey Trivino in neutral zone.
4:02 of 3rd period - Snap shot by Mattias Tedenby.
4:02 of 3rd period - Goal by Mattias Tedenby - Rocket : 3 - Reign : 3.
4:03 of 3rd period - Brendan Gaunce wins face-off versus Mattias Tedenby in neutral zone.
5:01 of 3rd period - Wrist shot by Vince Hinostroza.
5:01 of 3rd period - Stopped by Igor Shesterkin with a rebound.
5:44 of 3rd period - Slapshot by Tyler Pitlick.
5:44 of 3rd period - Shot Misses the Net.
7:05 of 3rd period - Snap shot by Karson Kuhlman.
7:05 of 3rd period - Stopped by Ilya Samsonov without a rebound.
7:06 of 3rd period - Jack Roslovic wins face-off versus Peter Holland in Reign zone.
8:16 of 3rd period - Snap shot by Ty Rattie.
8:16 of 3rd period - Stopped by Ilya Samsonov without a rebound.
8:17 of 3rd period - Tyler Pitlick wins face-off versus Karson Kuhlman in Reign zone.
8:42 of 3rd period - Thomas Chabot is hit by Brandon Pirri.
9:06 of 3rd period - Backhand shot by Peter Holland.
9:06 of 3rd period - Shot Misses the Net.
10:23 of 3rd period - Snap shot by Dominic Turgeon.
10:23 of 3rd period - Shot Misses the Net.
10:25 of 3rd period - Wrist shot by Dominic Turgeon.
10:25 of 3rd period - Shot Misses the Net.
10:27 of 3rd period - Snap shot by Dominic Turgeon.
10:27 of 3rd period - Shot Misses the Net.
10:29 of 3rd period - Slapshot by Andrey Pedan.
10:29 of 3rd period - Shot Blocked by Nikita Tryamkin.
10:31 of 3rd period - Slapshot by Andrey Pedan.
10:31 of 3rd period - Stopped by Ilya Samsonov with a rebound.
10:33 of 3rd period - Wrist shot by Kole Sherwood.
10:33 of 3rd period - Shot Blocked by Nikita Tryamkin.
10:35 of 3rd period - Slapshot by Andrey Pedan.
10:35 of 3rd period - Stopped by Ilya Samsonov with a rebound.
10:37 of 3rd period - Slapshot by Dylan DeMelo.
10:37 of 3rd period - Deflect By Jiri Sekac.
10:37 of 3rd period - Shot Blocked by Nikita Tryamkin.
10:37 of 3rd period - Puck is out of play.
10:38 of 3rd period - Corey Trivino wins face-off versus Jack Roslovic in Reign zone.
11:04 of 3rd period - Matthew Tkachuk is hit by Jakub Vrana and loses puck.
11:15 of 3rd period - Ty Rattie is hit by Matthew Tkachuk and loses puck.
11:28 of 3rd period - Snap shot by Peter Holland.
11:28 of 3rd period - Stopped by Ilya Samsonov without a rebound.
11:29 of 3rd period - Peter Holland wins face-off versus Joel Eriksson Ek in Reign zone.
12:18 of 3rd period - Snap shot by Brendan Gaunce.
12:18 of 3rd period - Shot Misses the Net.
12:48 of 3rd period - Backhand shot by Matthew Tkachuk.
12:48 of 3rd period - Stopped by Igor Shesterkin without a rebound.
12:49 of 3rd period - Jack Roslovic wins face-off versus Corey Trivino in Rocket zone.
12:50 of 3rd period - Slapshot by Thomas Chabot.
12:50 of 3rd period - Shot Blocked by Viktor Loov.
12:52 of 3rd period - Slapshot by Thomas Chabot.
12:52 of 3rd period - Stopped by Igor Shesterkin with a rebound.
12:54 of 3rd period - Snap shot by Dylan Blujus.
12:54 of 3rd period - Deflect By Dean Kukan.
12:54 of 3rd period - Stopped by Igor Shesterkin without a rebound.
12:55 of 3rd period - Corey Trivino wins face-off versus Jack Roslovic in Rocket zone.
13:04 of 3rd period - Wrist shot by Vince Hinostroza.
13:04 of 3rd period - Shot Misses the Net.
13:22 of 3rd period - Snap shot by Peter Holland.
13:22 of 3rd period - Stopped by Ilya Samsonov without a rebound.
13:23 of 3rd period - Brendan Gaunce wins face-off versus Danton Heinen in Reign zone.
13:48 of 3rd period - Tyler Pitlick is hit by Peter Holland.
13:54 of 3rd period - Slapshot by Brendan Gaunce.
13:54 of 3rd period - Stopped by Igor Shesterkin with a rebound.
14:28 of 3rd period - Snap shot by Adrian Kempe.
14:28 of 3rd period - Shot Misses the Net.
14:30 of 3rd period - Slapshot by Adam Fox.
14:30 of 3rd period - Goal by Adam Fox - Rocket : 4 - Reign : 3.
14:31 of 3rd period - Jack Roslovic wins face-off versus Corey Trivino in neutral zone.
15:05 of 3rd period - Wrist shot by Jiri Sekac.
15:05 of 3rd period - Shot Misses the Net.
16:21 of 3rd period - Brendan Guhle is hit by Adam Fox and loses puck.
16:41 of 3rd period - Icing by Andrei Mironov.
16:42 of 3rd period - Jacob Josefson wins face-off versus Corey Trivino in Rocket zone.
16:47 of 3rd period - Snap shot by Nikita Tryamkin.
16:47 of 3rd period - Stopped by Igor Shesterkin without a rebound.
16:48 of 3rd period - Jacob Josefson wins face-off versus Corey Trivino in Rocket zone.
17:56 of 3rd period - Thomas Chabot is hit by Corey Trivino and loses puck.
18:47 of 3rd period - Reign, Ilya Samsonov is pulled from the net.
18:49 of 3rd period - Wrist shot by Joachim Blichfeld.
18:49 of 3rd period - Shot Misses the Net.
18:51 of 3rd period - Snap shot by Timo Meier.
18:51 of 3rd period - Stopped by Igor Shesterkin without a rebound.
18:52 of 3rd period - Craig MacTavish call a timeout for Reign.
18:52 of 3rd period - Corey Trivino wins face-off versus Jack Roslovic in Rocket zone.
18:52 of 3rd period - Corey Trivino is hit by Logan Stanley.
19:07 of 3rd period - Minor Penalty to Vince Hinostroza for Hooking.
19:08 of 3rd period - Ilya Samsonov from Reign was sent back in the game.
19:08 of 3rd period - Brendan Gaunce wins face-off versus Brandon Pirri in Reign zone.
19:18 of 3rd period - Slapshot by Adam Fox.
19:18 of 3rd period - Shot Misses the Net.
Goals for this period are 3 for Rocket vs 0 for Reign.
Shots for this period are 13 for Rocket vs 8 for Reign.